 Dungeon Crawl Stone Soup version 0.23-a0-629-gae4348f (webtiles) character file.

56 KristoblXynda the Shield-Bearer (level 3, 0/31 HPs)
             Began as a Hill Orc Fighter on Dec 25, 2018.
             Killed from afar by Sigmund (1 damage)
             ... with a puff of flame
             ... on level 2 of the Dungeon.
             The game lasted 00:03:19 (1363 turns).

KristoblXynda the Shield-Bearer (Hill Orc Fighter)  Turns: 1363, Time: 00:03:20

Health: 0/31       AC:  7    Str: 18    XL:     3   Next: 97%
Magic:  0/3        EV:  7    Int:  9    God:
Gold:   107        SH:  9    Dex: 10    Spells: 2/2 levels left

rFire    . . .     SeeInvis .   a - +0 long sword
rCold    . . .     Gourm    .   c - +0 shield
rNeg     . . .     Faith    .   b - +0 scale mail
rPois    .         Spirit   +   (no helmet)
rElec    .         Reflect  .   (no cloak)
rCorr    .         Harm     .   (no gloves)
MR       +....                  (no boots)
Stlth    ..........             q - amulet of guardian spirit
HPRegen  0.10/turn              g - ring of protection from magic
MPRegen  0.08/turn              k - ring of wizardry

@: no status effects
A: no striking features
a: no special abilities


You were on level 2 of the Dungeon.
You were not hungry.

You visited 1 branch of the dungeon, and saw 2 of its levels.

You collected 107 gold pieces.

Inventory:

Hand Weapons
 a - a +0 long sword (weapon)
Armour
 b - a +0 scale mail (worn)
 c - a +0 shield (worn)
Jewellery
 g - a ring of protection from magic (left hand)
 k - a ring of wizardry (right hand)
 q - an amulet of guardian spirit (around neck)
Scrolls
 h - a scroll of teleportation
 j - a scroll of remove curse {unknown}
 m - a scroll of magic mapping {unknown}
Potions
 d - a potion of might
 e - a potion of resistance {unknown}
 i - 2 potions of heal wounds {unknown}
 l - 2 potions of degeneration {unknown}
 n - 3 potions of curing {unknown}
Comestibles
 f - 4 rations


   Skills:
 - Level 3.6 Fighting
 * Level 3.5 Long Blades
 + Level 3.7 Armour
 + Level 3.9 Shields


You had 2 spell levels left.
You didn't know any spells.
Your spell library was empty.

Dungeon Overview and Level Annotations

Branches:
Dungeon (2/15)

Altars:
Ashenzari
Gozag
Okawaru
Sif Muna

Annotations:
D:2 Sigmund


Message History

You block Sigmund's attack.
You closely miss Sigmund.
Sigmund is heavily wounded.
Sigmund mumbles some strange words.
Sigmund flickers and vanishes!
Deactivating autopickup; reactivate with Ctrl-A.
You completely miss something. Something hits you but does no damage.
You barely miss something. Something hits you.
You closely miss something. Something hits you.
You closely miss something. You closely miss something.
Something hits you but does no damage.
You slash something! Something hits you.
* * * LOW HITPOINT WARNING * * *
You miss something. Something hits you!
* * * LOW HITPOINT WARNING * * *
You closely miss something.
You hear some strange, mumbled words.
A puff of flame appears from out of thin air!
The puff of flame hits you!
You die...

########'##.#.#.......##.
#.....#...>..........
#.....###....>.......
#.....##..........###
##.....##)##.......#
#......##.##.......#
#.#[....#.##########
#.#.....'.# #.#..@{.###
#.'.......# ###.<.....#
#.......# #.......#
#####...# #...# #####


There were no monsters in sight!

Vanquished Creatures
  3 worms (D:2)
  A dart slug (D:2)
  2 leopard geckos (D:2)
  2 ball pythons (D:1)
  3 giant cockroaches
  6 goblins
  4 hobgoblins
  3 kobolds
  9 bats
  4 frilled lizards
  6 rats
43 creatures vanquished.

Notes
Turn   | Place    | Note
-------+----------+-------------------------------------------
     0 | D:1      | KristoblXynda the Hill Orc Fighter began the quest for the
                  | Orb.
     0 | D:1      | Reached XP level 1. HP: 19/19 MP: 1/1
   126 | D:1      | Reached XP level 2. HP: 25/26 MP: 2/2
   534 | D:2      | Reached XP level 3. HP: 29/31 MP: 3/3
   549 | D:2      | Noticed Sigmund
   999 | D:2      | Found a shattered altar of Ashenzari.
  1001 | D:2      | Found an iron altar of Okawaru.
  1207 | D:2      | Found an opulent altar of Gozag.
  1207 | D:2      | Found a deep blue altar of Sif Muna.
  1362 | D:2      | HP: 1/31 [something (8)]
  1363 | D:2      | Killed from afar by Sigmund

Vault maps used:
D:1:      wander_arrival_desolate, grunt_decor_fettered
D:2:      nicolae_overflow_hidden_temple, first_ration, uniq_sigmund

Skill      XL: |  1  2 |
---------------+-------+-----
Long Blades    | 3 |  3.5
Fighting       | |  3.6
Armour         | |  3.7
Shields        | |  3.9

Action                   || total
-------------------------++-------
Melee: Long sword        ||   198
  Use: Scroll            ||     2
  Eat: Chunk             ||     2
Armor: Scale mail        ||   100
Dodge: Dodged            ||    75
Block: Shield            ||   118
       Rpst.: Long sword ||    20

Table legend:
 A = Non-vault XP
 B = Vault XP
 C = Vault XP percentage of total XP
 D = Non-vault monster count
 E = Vault monster count
 F = Vault count percentage of total count
                 A         B        C        D         E       F
            +---------+---------+-------+---------+---------+-------
      Total |      81 |       0 |   0.0 |      43 |       0 |   0.0
            +---------+---------+-------+---------+---------+-------
        D:1 |      27 |       0 |   0.0 |      17 |       0 |   0.0
        D:2 |      54 |       0 |   0.0 |      26 |       0 |   0.0
            +---------+---------+-------+---------+---------+-------
